 Dungeon Crawl Stone Soup version 0.29.1-15-g9cfb28693d (webtiles) character file.

Game seed: 11352508001293547870

43630 bmack86 the Severer (level 13, -1/125 HPs)
             Began as a Minotaur Fighter on Apr 16, 2024.
             Was the Champion of Trog.
             Slain by a deep troll shaman (3 damage)
             ... while petrified
             ... on level 5 of the Lair of Beasts.
             The game lasted 00:38:55 (17263 turns).

bmack86 the Severer (Minotaur Fighter)             Turns: 17263, Time: 00:38:56

Health: -1/125     AC: 24    Str: 35    XL:     13   Next: 91%
Magic:  12/12      EV:  2    Int: 12    God:    Trog [******]
Gold:   1197       SH:  0    Dex: 11    Spells: 12/12 levels left

rFire   . . .      SeeInvis .   o - +10 broad axe of Wisdom {holy, Str+2 Int+7}
rCold   + + +      Faith    .   c - +0 buckler
rNeg    + + +      Spirit   .   m - +3 plate armour {rC+}
rPois   ∞          Reflect  .   (helmet restricted)
rElec   .          Harm     .   (no cloak)
rCorr   +          Rampage  .   b - +2 pair of gloves
Will    +....                   v - +2 pair of boots
Stlth   ..........              (no amulet)
HPRegen 0.30/turn               C - +6 ring of strength
MPRegen 0.13/turn               B - ring "Rekycud" {rC++ Will+ rCorr Str+2}

@: petrified
A: horns 2, retaliatory headbutt
a: Renounce Religion, Berserk, Trog's Hand, Brothers in Arms


You were on level 5 of the Lair of Beasts.
You worshipped Trog.
Trog was exalted by your worship.
You visited 3 branches of the dungeon, and saw 17 of its levels.
You also visited: Sewer and Ice Cave.

You collected 1287 gold pieces.
You spent 90 gold pieces at shops.

Inventory:

Hand Weapons
 a - a +3 war axe of electrocution
 o - the +10 broad axe of Wisdom (weapon) {holy, Str+2 Int+7}
   (You acquired it on level 4 of the Dungeon)

   It has been blessed by the Shining One to cause great damage to the undead
   and demons.
   Str:       It affects your strength (+2).
   Int:       It affects your intelligence (+7).
 u - the +10 hand axe of Fuzzy Optimality {flame, rPois rCorr Int+3}
   (You took it off an orc on level 3 of the Dungeon)

   It burns those it strikes, dealing additional fire damage.
   Big, fiery blades are also staple armaments of hydra-hunters.
   Int:       It affects your intelligence (+3).
   rPois:     It protects you from poison.
   rCorr:     It protects you from acid and corrosion.
 O - a +5 antimagic broad axe
Missiles
 h - 28 poisoned darts
 p - 3 curare-tipped darts (quivered)
 w - 6 boomerangs
Armour
 b - a +2 pair of gloves (worn)
 c - a +0 buckler (worn)
 m - a +3 plate armour of cold resistance (worn)
 v - a +2 pair of boots (worn)
Jewellery
 l - an amulet of magic regeneration
 y - a ring of protection from fire
 B - the ring "Rekycud" (right hand) {rC++ Will+ rCorr Str+2}
   (You acquired it on level 8 of the Dungeon)

   [ring of resist corrosion]

   Str:       It affects your strength (+2).
   rC:        It greatly protects you from cold.
   rCorr:     It protects you from acid and corrosion.
   Will:      It increases your willpower.
 C - a +6 ring of strength (left hand)
 F - a ring of ice
 G - a +4 ring of evasion
 H - a +6 ring of strength
 M - a ring of poison resistance
Wands
 n - a wand of digging (4)
 s - a wand of paralysis (9)
 A - a wand of light (3)
 K - a wand of mindburst (3)
 N - a wand of polymorph (5)
Scrolls
 f - 3 scrolls of teleportation
 j - 2 scrolls of brand weapon
 t - a scroll of fog
 I - 2 scrolls of magic mapping
 L - a scroll of silence
Potions
 d - 4 potions of curing
 e - 3 potions of haste
 g - 2 potions of berserk rage
 i - 2 potions of attraction
 k - a potion of might
 q - 2 potions of flight
 x - 3 potions of cancellation
 z - a potion of resistance
 D - 2 potions of ambrosia
 E - 3 potions of lignification
 J - a potion of mutation


   Skills:
 * Level 14.7 Fighting
 + Level 20.2 Axes
 + Level 10.9 Armour
 + Level 11.4 Shields


You had 12 spell levels left.
You didn't know any spells.
Your spell library was empty.

Dungeon Overview and Level Annotations

Branches:
Dungeon (11/15)            Temple (1/1) D:6            Lair (5/5) D:11
 Shoals (0/4) Lair:3        Snake (0/4) Lair:3        Slime (0/5) Lair:5
    Orc (0/2) D:9           Sewer (visited)           IceCv (visited)

Altars:
Ashenzari
Cheibriados
Dithmenos
Elyvilon
Fedhas
Gozag
Hepliaklqana
Kikubaaqudgha
Makhleb
Nemelex Xobeh
Okawaru
Qazlal
Ru
Sif Muna
Trog
Uskayaw
Vehumet
Wu Jian
Xom
Yredelemnul
Zin
The Shining One
Lugonu

Shops:
D:6 *   D:10 *

Annotations:
D:8 2 transporters


Innate Abilities, Weirdness & Mutations

You have a pair of horns on your head.
You reflexively headbutt those who attack you in melee.


Message History

The eight-headed hydra barely misses you.
The eight-headed hydra bites you but does no damage.
The eight-headed hydra bites you. The deep troll shaman bites you.
The deep troll shaman claws you but does no damage.
The deep troll shaman claws you!
The death yak gores you but does no damage.
The eight-headed hydra bites you but does no damage.
The eight-headed hydra bites you.
The eight-headed hydra bites you but does no damage. x5
The eight-headed hydra bites you!
The deep troll shaman barely misses you.
The deep troll shaman claws you but does no damage.
The deep troll shaman claws you. The death yak gores you!
* * * LOW HITPOINT WARNING * * *
The eight-headed hydra bites you.
* * * LOW HITPOINT WARNING * * *
The eight-headed hydra bites you!
* * * LOW HITPOINT WARNING * * *
The eight-headed hydra bites you but does no damage.
The eight-headed hydra bites you.
* * * LOW HITPOINT WARNING * * *
The eight-headed hydra bites you but does no damage. x4
The deep troll shaman bites you.
* * * LOW HITPOINT WARNING * * *
The deep troll shaman claws you.
* * * LOW HITPOINT WARNING * * *
The deep troll shaman claws you but does no damage.
The death yak gores you.
* * * LOW HITPOINT WARNING * * *
The eight-headed hydra bites you but does no damage. x6
The eight-headed hydra bites you.
* * * LOW HITPOINT WARNING * * *
The eight-headed hydra bites you but does no damage.
The deep troll shaman bites you!
* * * LOW HITPOINT WARNING * * *
The deep troll shaman claws you.
* * * LOW HITPOINT WARNING * * *
The deep troll shaman claws you.
You die...

##........########.
#.....##### ##
##...###... #
#....#...8. #
#...##.8... #...#....#
#..##....# # #.##D..##
# #.#@Y...##. ##
##...T...... ###.
#P.......... ###.†.
##....###...÷ ###.....
#..P....#######......#
###..##....P.....÷.♣##
######..P.......P#
##....####### ######


You could see a death yak, an eight-headed hydra and a deep troll shaman.

Vanquished Creatures
  Josephine (D:10)
  4 hydras
  An ice dragon (IceCv)
  A catoblepas (Lair:5)
  A centaur warrior (D:10)
  A two-headed ogre (D:9)
  5 death yaks (Lair:5)
  Sonja (D:10)
  13 elephants
  9 black mambas
  A torpor snail (Lair:3)
  2 ice statues (IceCv)
  9 cane toads
  A gargoyle (D:10)
  Psyche (D:10)
  8 rime drakes
  3 kobold demonologists (D:10)
  6 komodo dragons
  The ghost of smokingjp the Stinger, a novice OpVM (D:5)
  A troll (D:11)
  The ghost of tyreese12 the Covered, an amateur MiFi (D:3)
  2 polar bears (Lair:5)
  A hornet (D:8)
  A snapping turtle (Lair:3)
  19 blink frogs
  6 dream sheep (Lair:5)
  3 wraiths (D:10)
  Sigmund (D:2)
  A shadow (D:9)
  31 yaks
  Grum (D:9)
  A basilisk (D:10)
  Eustachio (D:5)
  4 nagas (Lair:3)
  12 water moccasins
  An acid dragon (D:10)
  A sky beast (D:8)
  4 orc warriors
  2 ice beasts
  2 black bears
  20 wolves
  3 centaurs
  A phantom (D:5)
  4 kobold brigands
  A necrophage (D:5)
  8 bullfrogs
  A gnoll sergeant (D:7)
  A scorpion (D:5)
  12 wights
  2 lindwurm simulacra (IceCv)
  2 electric eels
  2 howler monkeys
  4 jellies
  3 komodo dragon simulacra (IceCv)
  A hound (D:6)
  2 orc priests
  A gnoll bouda (D:7)
  3 iguanas
  4 orc wizards
  3 hell rats (D:7)
  Terence (D:3)
  A howler monkey zombie (D:3)
  12 adders
  16 gnolls
  8 acid dragon simulacra (IceCv)
  11 river rats
  A shadow imp (D:6)
  A white imp (D:8)
  8 steam dragon simulacra (IceCv)
  An adder zombie (D:3)
  2 worms
  4 dart slugs
  37 orcs
  2 bats
  9 endoplasms
  10 giant cockroaches
  6 goblins
  12 hobgoblins
  16 jackals
  25 kobolds
  13 quokkas
  6 ball pythons
  6 frilled lizards
  22 rats
  A bush (Lair:5)
474 creatures vanquished.

Vanquished Creatures (others)
  21 fungi
  28 plants
49 creatures vanquished.

Grand Total: 523 creatures vanquished

Notes
Turn   | Place    | Note
-------+----------+-------------------------------------------
     0 | D:1      | bmack86 the Minotaur Fighter began the quest for the Orb.
     0 | D:1      | Reached XP level 1. HP: 19/19 MP: 0/0
   422 | D:1      | Reached XP level 2. HP: 26/26 MP: 1/1
   449 | D:1      | Reached skill level 3 in Axes
   459 | D:1      | Reached XP level 3. HP: 19/31 MP: 2/2
   714 | D:1      | Found a faded altar of an unknown god.
   803 | D:1      | Reached skill level 5 in Shields
  1051 | D:2      | Found a bloodstained altar of Trog.
  1057 | D:2      | Became a worshipper of Trog the Wrathful
  1092 | D:2      | Noticed Sigmund
  1104 | D:2      | Killed Sigmund
  1105 | D:2      | Reached skill level 6 in Axes
  1105 | D:2      | Reached XP level 4. HP: 22/39 MP: 3/3
  1105 | D:2      | Reached XP level 5. HP: 26/45 MP: 4/4
  1775 | D:3      | Found a hide-covered altar of Uskayaw.
  1816 | D:3      | Reached * piety under Trog
  1923 | D:3      | Reached XP level 6. HP: 51/51 MP: 5/5
  2017 | D:3      | Noticed Terence
  2023 | D:3      | Reached skill level 7 in Axes
  2025 | D:3      | Killed Terence
  2300 | D:3      | Found a basalt altar of Yredelemnul.
  2365 | D:3      | Found a runed translucent gate.
  2365 | D:3      | Noticed tyreese12's ghost (amateur MiFi)
  2366 | D:3      | Identified the +10 hand axe of Fuzzy Optimality {flame,
                  | rPois rCorr Int+3}
  2367 | D:3      | Found a runed translucent gate.
  2368 | D:3      | Found a runed translucent gate.
  2558 | D:4      | Identified 2 scrolls of acquirement
  2558 | D:4      | Acquired the +10 broad axe of Wisdom {holy, Str+2 Int+7}
  2561 | D:4      | Acquired a +3 plate armour of cold resistance
  2589 | D:4      | Reached ** piety under Trog
  2802 | D:4      | Found a glowing drain.
  2823 | Sewer    | Entered a sewer
  2905 | Sewer    | Reached skill level 8 in Axes
  2909 | Sewer    | Reached XP level 7. HP: 57/57 MP: 6/6
  2933 | Sewer    | Found a white marble altar of Elyvilon.
  3427 | D:4      | Reached skill level 9 in Axes
  3856 | D:3      | Killed tyreese12's ghost
  3857 | D:3      | Reached skill level 10 in Axes
  3946 | D:5      | Entered Level 5 of the Dungeon
  3946 | D:5      | Noticed Eustachio
  3951 | D:5      | Found a shadowy altar of Dithmenos.
  3964 | D:5      | Killed Eustachio
  3965 | D:5      | Reached skill level 11 in Axes
  3965 | D:5      | Reached XP level 8. HP: 54/64 MP: 7/7
  4069 | D:5      | Reached *** piety under Trog
  4233 | D:5      | Found a hazy altar of Hepliaklqana.
  4359 | D:5      | Reached skill level 12 in Axes
  4667 | D:5      | Found a runed translucent gate.
  4669 | D:5      | Found a runed translucent gate.
  4669 | D:5      | Found a runed translucent gate.
  4673 | D:5      | Noticed smokingjp's ghost (novice OpVM)
  4681 | D:5      | Killed smokingjp's ghost
  4682 | D:5      | Reached skill level 13 in Axes
  4860 | D:6      | Found a white marble altar of Elyvilon.
  4978 | D:6      | Found a radiant altar of Vehumet.
  5006 | D:6      | Found a glowing silver altar of Zin.
  5008 | D:6      | Found Zin's Purification Station.
  5069 | D:6      | Found a staircase to the Ecumenical Temple.
  5075 | Temple   | Entered the Ecumenical Temple
  5152 | D:6      | Reached XP level 9. HP: 53/70 MP: 8/8
  5409 | D:6      | Found a sparkling altar of Nemelex Xobeh.
  5697 | D:7      | Reached skill level 14 in Axes
  5968 | D:7      | Reached **** piety under Trog
  6212 | D:7      | Reached skill level 15 in Axes
  6590 | D:7      | Found a bloodstained altar of Trog.
  6684 | D:8      | Reached skill level 16 in Axes
  6916 | D:8      | Reached XP level 10. HP: 61/77 MP: 9/9
  7064 | D:8      | Reached ***** piety under Trog
  7136 | D:8      | Found an ancient bone altar of Kikubaaqudgha.
  7188 | D:8      | Acquired the ring "Rekycud" {rC++ Will+ rCorr Str+2}
  7218 | D:8      | Found a transporter.
  7238 | D:8      | Found a transporter.
  7435 | D:8      | Found a transporter.
  7494 | D:8      | Found a transporter.
  7523 | D:9      | Found a staircase to the Orcish Mines.
  7535 | D:9      | Reached skill level 17 in Axes
  7686 | D:9      | Noticed Grum
  7698 | D:9      | Killed Grum
  7952 | D:9      | Noticed a two-headed ogre
  7964 | D:9      | Killed a two-headed ogre
  7965 | D:9      | Reached skill level 18 in Axes
  8245 | D:9      | Found a glowing golden altar of the Shining One.
  8434 | D:9      | Reached skill level 5 in Fighting
  8629 | D:10     | Entered Level 10 of the Dungeon
  8862 | D:10     | Identified the +3 quarterstaff "Vitiot" {freeze, +Blink
                  | rN++}
  8885 | D:10     | Noticed a gargoyle
  8887 | D:10     | Reached skill level 5 in Armour
  8889 | D:10     | Reached XP level 11. HP: 77/89 MP: 10/10
  9069 | D:10     | Identified the +5 quarterstaff of Trauma {speed, rF+++
                  | Will++ Str-4 Int-2}
  9138 | D:10     | Noticed a centaur warrior
  9146 | D:10     | Killed a centaur warrior
  9199 | D:10     | Found Uvasaneg's General Store.
  9208 | D:10     | Bought a scroll of enchant armour for 90 gold pieces
  9628 | D:10     | Found a burning altar of Makhleb.
  9642 | D:10     | Noticed Psyche
  9642 | D:10     | Noticed Sonja
  9649 | D:10     | Killed Sonja
  9656 | D:10     | Killed Psyche
  9871 | D:10     | Noticed Josephine
  9879 | D:10     | Killed Josephine
  9938 | D:10     | Found a broken altar of Ashenzari.
 10191 | D:11     | Noticed a two-headed ogre
 10198 | D:11     | Found a staircase to the Lair.
 10211 | D:11     | HP: 2/95 [electric eel/bolt of electricity (8)]
 10212 | Lair:1   | Entered Level 1 of the Lair of Beasts
 12079 | Lair:2   | Found a frozen archway.
 12095 | IceCv    | Entered an ice cave
 12121 | IceCv    | Reached XP level 12. HP: 85/106 MP: 11/11
 12133 | IceCv    | Reached skill level 10 in Fighting
 12523 | IceCv    | Noticed an ice dragon
 12531 | IceCv    | Reached skill level 19 in Axes
 12532 | IceCv    | Killed an ice dragon
 12783 | Lair:2   | Noticed a seven-headed hydra
 12791 | Lair:2   | Killed a four-headed hydra
 12935 | Lair:2   | Reached ****** piety under Trog
 14250 | Lair:3   | Noticed a six-headed hydra
 14258 | Lair:3   | Killed a two-headed hydra
 14299 | Lair:3   | Found a staircase to the Snake Pit.
 14948 | Lair:3   | Found a staircase to the Shoals.
 15245 | Lair:4   | Reached skill level 10 in Shields
 15245 | Lair:4   | Reached XP level 13. HP: 113/119 MP: 12/12
 15252 | Lair:4   | Received a gift from Trog
 15762 | Lair:5   | Entered Level 5 of the Lair of Beasts
 15946 | Lair:5   | Reached skill level 10 in Armour
 16368 | Lair:5   | Reached skill level 20 in Axes
 16524 | Lair:5   | Found a staircase to the Slime Pits.
 17263 | Lair:5   | HP: 5/125 [deep troll shaman (4)]
 17263 | Lair:5   | HP: 2/125 [deep troll shaman (3)]
 17263 | Lair:5   | Slain by a deep troll shaman

Illustrated notes

Levels and vault maps discovered:
D:1:      beargit_arrival_greenhouse, layout_rooms,
          hellmonk_ecumenical_altar_defaced_shrine, minmay_misc_feat_hallway,
          hangedman_decor_clover_reticule
D:2:      layout_rooms, basic_altar, hangedman_feature_mirror, uniq_sigmund
D:3:      minmay_evil_eye, layout_rooms, lemuel_zombie_altar_yredelemnul,
          mainiacjoe_overflow_paths, biasface_ghost_orc_armoury, uniq_terence
D:4:      layout_loops_ring, gup_sewer_entry_pipe, kennysheep_generic_room_16
D:5:      layout_basic, nicolae_dithmenos_shadow_blocks, kennysheep_little_box,
          ebering_ghost_rock_garden, uniq_eustachio
D:6:      layout_loops_corners, kennysheep_mini, zin_purify, elyvilon_altar_3,
          mainiacjoe_overflow_concentric_impassable, minmay_temple_entry_hall
D:7:      lemuel_ratsnest, layout_rooms, lightli_temple_of_fire, serial_glass,
          glass_columns_a, glass_columns_a, glass_columns_c, glass_columns_a,
          glass_columns_b, glass_columns_b, minmay_strange_pillars
D:8:      layout_basic, mainiacjoe_overflow_six_doors_small,
          nicolae_diode_intersection
D:9:      layout_basic, nicolae_overflow_crystal_walls, orc_0_dummy, uniq_grum
D:10:     layout_irregular_city, mainiacjoe_overflow_alcove_2,
          kennysheep_mini_moat, serial_shops, shop, uniq_josephine, uniq_psyche,
          uniq_sonja
D:11:     layout_basic, lair_entry_dummy
Temple:   corrupted_temple
Lair:1:   layout_chaotic_city
Lair:2:   layout_gridlike, portal_ice_cave_rime
Lair:3:   layout_long_grid, minmay_shoals_entry_hut,
          minmay_snake_entry_guardpost_small, lemuel_fruit_fields
Lair:4:   layout_hall_layers
Lair:5:   grunt_lair_end_beastmaster, layout_loops_ring,
          dpeg_slime_entry_enclosed, guppyfry_lair_drakes

Skill      XL: |  1  2  3  4  5  6  7  8  9 10 11 12 13 |
---------------+----------------------------------------+-----
Shields        | 4 5 6 8 10 11 | 11.4
Axes           | 3 6 8 11 13 16 18 19 20 | 20.2
Fighting       | 6 9 12 14 | 14.7
Armour         | 5 7 9 10 | 10.9

Action                   |  1- 3 |  4- 6 |  7- 9 | 10-12 | 13-15 || total
-------------------------+-------+-------+-------+-------+-------++-------
Melee: War axe           |    79 |   151 |    36 |       |       ||   266
       Headbutt          |     8 |    20 |    29 |    63 |    29 ||   149
       Hand axe          |       |       |   177 |    34 |    12 ||   223
       Broad axe         |       |       |       |   331 |   156 ||   487
Throw: Dart              |     1 |       |     2 |     3 |       ||     6
Invok: Berserk           |       |       |     4 |     1 |     1 ||     6
Evoke: Wand              |       |       |       |     4 |       ||     4
  Use: Potion            |     1 |       |       |       |     2 ||     3
       Scroll            |       |     8 |     8 |    13 |     4 ||    33
 Stab: Paralysed         |       |       |       |     2 |       ||     2
Armor: Scale mail        |    37 |    49 |       |       |       ||    86
       Plate armour      |       |    27 |   119 |   203 |   190 ||   539
Dodge: Dodged            |    49 |    68 |    51 |   108 |    66 ||   342
Block: Buckler           |    19 |    35 |    41 |    75 |    41 ||   211
